 Dungeon Crawl Stone Soup version 0.18.1-8-gdd0e5ea (webtiles) character file.

289 Shtopit the Shield-Bearer (level 6, 0/38 HPs)
             Began as a Gargoyle Fighter on May 31, 2016.
             Slain by a giant frog (4 damage)
             ... in a sewer.
             The game lasted 00:08:14 (2559 turns).

Shtopit the Shield-Bearer (Gargoyle Fighter)        Turns: 2559, Time: 00:08:15

Health: 0/38       AC: 12    Str: 27    XL:     6   Next: 31%
Magic:  7/7        EV:  8    Int:  8    God:
Gold:   165        SH: 10    Dex:  9    Spells: 1 memorised, 4 levels left

rFire  . . .     SeeInvis .     a - +0 flail
rCold  . . .     Gourm    .     b - +0 scale mail
rNeg   + . .     Faith    .     c - +0 shield
rPois  ∞         Spirit   .     (no helmet)
rElec  +         Dismiss  .     g - +0 cloak
rCorr  .         Reflect  .     (no gloves)
SustAt .         Harm     .     (no boots)
MR     .....                    (no amulet)
Stlth  ..........               (no ring)
                                (no ring)

@: mighty, not resistant to hostile enchantments, extremely unstealthy
A: negative energy resistance 1, electricity resistance, unbreathing,
petrification resistance, rot immunity, AC +4
a: no special abilities


You were in a sewer.
You were not hungry.

You visited 1 branch of the dungeon, and saw 3 of its levels.
You also visited: Sewer.

You collected 165 gold pieces.

Inventory:

Hand Weapons
 a - a +0 flail (weapon)
 n - a +0 club
 p - a cursed -3 hunting sling
 x - a +2 whip of venom
Missiles
 o - 115 stones (quivered)
Armour
 b - a +0 scale mail (worn)
 c - a +0 shield (worn)
 g - a +0 cloak (worn)
Jewellery
 e - a cursed amulet of inaccuracy {unknown}
Scrolls
 h - 2 scrolls of identify {unknown}
 j - a scroll of immolation {unknown}
 k - a scroll of noise {unknown}
 l - a scroll of recharging {unknown}
 r - a scroll of magic mapping {unknown}
 v - a scroll of amnesia {unknown}
Potions
 q - a potion of cure mutation {unknown}
 s - a potion of heal wounds {unknown}
 z - a potion of flight {unknown}
Books
 t - a book of Alchemy

   Spells                             Type                      Level
   a - Sublimation of Blood           Necromancy                   2
   b - Ignite Poison                  Fire/Transmutation/Poison    3
   c - Petrify                        Transmutation/Earth          4
   d - Alistair's Intoxication        Transmutation/Poison         5
   e - Irradiate                      Conjuration/Transmutation    5
Comestibles
 f - 3 bread rations
 m - 4 meat rations
 u - 7 chunks of flesh
 w - a beef jerky


   Skills:
 + Level 4.0 Fighting
 + Level 2.8 Maces & Flails
 + Level 4.1 Armour
 + Level 2.1 Dodging
 + Level 4.9 Shields
 * Level 1.2 Spellcasting


You had 4 spell levels left.
You knew the following spells:

 Your Spells              Type           Power        Failure   Level  Hunger
a - Ignite Poison         Fire/Trmt/Pois #.......     100%        3    ####...


Dungeon Overview and Level Annotations

Branches:
Dungeon (3/15)

Altars:


Innate Abilities, Weirdness & Mutations

You are resistant to torment.
Your stone body is resilient (AC +4).
You are immune to poison.
You resist negative energy.
You are resistant to electric shocks.
You can survive without breathing.
You are immune to petrification.
You are immune to rotting.


Message History

The giant frog misses you.
You bludgeon the giant frog!!
The giant frog is almost dead.
The giant frog hits you but does no damage. x2
You closely miss the giant frog.
The giant frog is almost dead.
The giant frog hits you.
* * * LOW HITPOINT WARNING * * *
The giant frog barely misses you.
You barely miss the giant frog.
The giant frog is almost dead.
The giant frog hits you but does no damage.
The giant frog closely misses you.
Your shield prevents you from hitting the giant frog.
The giant frog is almost dead.
The giant frog hits you but does no damage. x2
You barely miss the giant frog.
The giant frog is almost dead.
The giant frog hits you.
You die...

#≈≈≈#≈≈≈≈≈≈≈≈≈≈≈≈≈≈≈#
#≈≈##≈≈.#######≈†..≈#
##†≈#≈≈≈##≈≈≈≈.###≈#######
#≈..#≈≈##≈.≈≈≈≈≈≈###≈≈≈≈≈#
#≈.##≈≈#≈≈≈.≈≈.≈≈≈.#≈≈≈.≈#
#≈≈#≈≈##≈≈..≈.≈##..#.††≈≈#
#≈≈#.≈#≈≈.?)$≈†≈#.≈#≈≈#≈≈#
#≈≈#.†#≈≈..?≈F≈≈#≈≈#≈≈#.≈#
#.≈#≈≈#≈≈.$.≈.@≈#≈≈##≈#≈≈#
#≈.#≈≈#≈≈≈.≈≈≈≈≈#≈≈≈#≈#≈≈#
#≈≈#≈≈#≈≈≈.≈.≈.≈#≈≈∩#≈#≈≈#
#≈.#≈≈##≈≈≈≈≈.≈##≈≈≈#≈#≈≈#
#≈≈##≈.#≈≈≈≈≈≈≈#≈≈###≈#≈.#
#.≈≈#≈≈##≈≈≈≈≈##≈≈#≈≈≈#..#
##≈≈#≈≈≈##≈≈≈##≈≈≈#≈≈##.##
#.≈##≈.≈#####.≈≈##.≈#≈.#
#≈≈≈#≈≈≈.≈≈.≈≈≈≈#≈≈≈#÷∩#


You could see a giant frog.

Vanquished Creatures
  A giant frog (Sewer)
  Jessica (D:2)
  5 adders
  A river rat (D:3)
  9 oozes (Sewer)
  4 dart slugs
  10 giant geckos
  10 giant cockroaches
  9 goblins
  8 hobgoblins
  2 kobolds (D:1)
  A quokka (D:3)
  11 ball pythons (Sewer)
  4 bats
  8 giant newts
  7 rats
91 creatures vanquished.

Notes
Turn   | Place    | Note
--------------------------------------------------------------
     0 | D:1      | Shtopit the Gargoyle Fighter began the quest for the Orb.
     0 | D:1      | Reached XP level 1. HP: 14/14 MP: 1/1
   104 | D:1      | Reached XP level 2. HP: 16/19 MP: 2/2
   863 | D:1      | Reached XP level 3. HP: 22/23 MP: 3/3
  1101 | D:2      | Noticed Jessica
  1113 | D:2      | Killed Jessica
  1113 | D:2      | Reached skill level 1 in Dodging
  1177 | D:2      | Reached XP level 4. HP: 25/28 MP: 4/4
  1457 | D:2      | Learned a level 3 spell: Ignite Poison
  2063 | D:3      | Reached XP level 5. HP: 25/33 MP: 5/5
  2094 | D:3      | Found a glowing drain.
  2102 | Sewer    | Entered a sewer
  2472 | Sewer    | Reached skill level 1 in Spellcasting
  2548 | Sewer    | Reached XP level 6. HP: 13/38 MP: 7/7
  2559 | Sewer    | Slain by a giant frog

Skill      XL: |  1  2  3  4  5 |
---------------+----------------+-----
Armour         | 4 |  4.1
Dodging        | 1 2 |  2.1
Shields        | 4 |  4.9
Spellcasting   | 1 |  1.2
Fighting       | 4 |  4.0
Maces & Flails | |  2.8

Action                   |  1- 3 |  4- 6 || total
-------------------------+-------+-------++-------
Melee: Flail             |   142 |   400 ||   542
  Use: Potion            |       |     2 ||     2
  Eat: Chunk             |     1 |     6 ||     7
Armor: Scale mail        |   101 |   232 ||   333
Dodge: Dodged            |    70 |   184 ||   254
Block: Shield            |    95 |   262 ||   357
